Map: Oxide LE

Players

Dolan

  • Race: Terran Terran

Astrea - Winner!

  • Race: Protoss Protoss

Event: DreamHack SC2 Masters 2021 Winter

VOD

Have the link to the VOD?

Description

Time

  • Played on: Oct. 8, 2021, 4:37 p.m.
  • Length: 9:37

All games in this series

Show
View Real Time Build Order
Export as new Build Order

Dolan Terran 

Build Orders:  

Get SALT Encoding   

  12  0:00  SCV  
  13  0:12  SCV  
  14  0:17  Supply Depot  
  14  0:24  SCV  
  15  0:38  SCV  
  15  0:40  Barracks  
  15  0:42  Refinery  
  16  0:50  SCV  
  17  1:02  SCV  
  18  1:14  SCV  
  19  1:28  Marine, Orbital Command  
  20  1:49  Barracks Reactor  
  20  1:50  Command Center  
  20  1:53  SCV  
  21  1:56  Supply Depot  
  21  2:05  SCV  
  22  2:08  Barracks  
  22  2:19  Bunker  
  22  2:21  SCV  
  23  2:25  Marine x2  
  23  2:29  Barracks  
  25  2:33  SCV  
  24  3:03  Barracks Tech Lab, Marine x2  
  24  3:10  SCV  
  24  3:11  Refinery  
  25  3:13  Orbital Command  
  25  3:18  Barracks Tech Lab  
  24  3:21  Marine x2  
  24  3:22  SCV  
  24  3:23  Stimpack, Marine  
  28  3:35  SCV  
  28  3:38  Marine x3  
  28  3:40  Marine  
  32  3:48  Combat Shield  
  32  4:00  SCV  
  32  4:01  SCV  
  32  4:02  Marine  
  32  4:03  Marine  
  32  4:04  Marauder x2  
  38  4:12  Supply Depot  
  38  4:14  SCV x2  
  40  4:21  Marine x2  
  42  4:25  Factory  
  42  4:28  Marauder x2  
  46  4:35  Engineering Bay  
  46  4:37  SCV x2  
  48  4:41  Marine x2  
  50  4:50  Marauder x2  
  54  4:56  Supply Depot  
  54  5:02  Terran Infantry Weapons Level 1  
  54  5:03  Supply Depot  
  54  5:07  Refinery  
  53  5:11  Starport  
  51  5:14  Factory Reactor  
  51  5:19  Marine x3  
  51  5:20  SCV x2, Marine  
  55  5:32  SCV x2  
  57  5:38  Missile Turret  
  56  5:44  SCV  
  56  5:45  SCV  
  56  5:46  Marine x2  
  56  5:47  Marine x2  
  62  5:57  SCV x2  
  62  6:01  Factory Tech Lab  
  62  6:07  Supply Depot  
  62  6:09  SCV x2  
  62  6:13  Marine x4  
  66  6:18  Medivac x2  
  70  6:26  SCV x2, Siege Tank  
  70  6:32  Refinery  
  75  6:39  SCV x2  
  75  6:46  Marine x3  
  75  6:47  Marine  
  79  6:55  Medivac x2  
  79  6:58  SCV x2, Barracks  
  79  6:59  Barracks  
  82  7:03  Siege Tank  
  82  7:04  Marine  
  84  7:19  Marauder  
  86  7:24  SCV x2, Marine x2  
  86  7:25  Marauder, Supply Depot x2  
  92  7:41  Viking  
  94  7:46  Viking  
  96  7:52  Marauder, Marine x2  
  96  7:53  Marauder, Barracks Tech Lab, Barracks Reactor  
  96  7:57  Siege Tank  
  105  7:58  SCV  
  106  8:06  Supply Depot  
  106  8:18  Viking x2  
  108  8:23  Supply Depot  
  108  8:33  Siege Tank  
  108  8:41  Marine x2  
  108  8:42  Marauder x3, Marine  
  108  8:43  Marine  
  118  9:02  Viking x2  
  122  9:11  Supply Depot x2  
  122  9:12  Marine x4  
  122  9:14  Marauder, Marine  
Show
View Real Time Build Order
Export as new Build Order

Astrea Protoss - Winner!

Build Orders: 1 Gate Expand, Phoenix Opening 

Get SALT Encoding   

  12  0:00  Probe  
  13  0:12  Probe  
  14  0:17  Pylon  
  14  0:24  Probe (Chrono Boost)  
  15  0:36  Probe (Chrono Boost)  
  15  0:38  Gateway  
  16  0:44  Probe (Chrono Boost)  
  16  0:46  Assimilator  
  17  0:51  Probe  
  18  1:03  Probe  
  19  1:15  Probe  
  20  1:25  Cybernetics Core  
  20  1:32  Nexus  
  20  1:35  Probe  
  21  1:42  Pylon  
  21  1:47  Probe  
  21  1:52  Assimilator  
  22  1:58  Adept (Chrono Boost)  
  22  1:59  Probe  
  25  2:02  Warp Gate  
  25  2:11  Probe  
  26  2:18  Adept (Chrono Boost)  
  28  2:23  Probe  
  29  2:35  Probe  
  30  2:44  Adept  
  30  2:48  Probe x2  
  33  2:57  Stargate  
  33  3:00  Probe x2  
  33  3:12  Probe x2  
  35  3:20  Robotics Facility  
  35  3:24  Probe (Chrono Boost)  
  35  3:25  Probe (Chrono Boost)  
  37  3:37  Probe (Chrono Boost), Pylon  
  37  3:40  Phoenix (Chrono Boost)  
  39  3:42  Probe (Chrono Boost)  
  39  3:45  Assimilator x2, Probe (Chrono Boost)  
  43  3:49  Probe (Chrono Boost)  
  43  3:51  Probe  
  44  3:56  Phoenix (Chrono Boost)  
  44  4:00  Probe  
  45  4:03  Probe  
  45  4:09  Observer  
  47  4:12  Probe  
  47  4:15  Gateway, Probe, Pylon  
  47  4:16  Gateway, Shield Battery  
  49  4:20  Phoenix (Chrono Boost)  
  51  4:24  Probe  
  51  4:27  Probe  
  51  4:31  Immortal (Chrono Boost)  
  53  4:32  Pylon  
  53  4:36  Phoenix  
  59  4:48  Pylon  
  59  4:50  Sentry  
  61  4:54  Pylon  
  61  5:01  Phoenix  
  61  5:06  Immortal (Chrono Boost)  
  63  5:14  Adept x3  
  69  5:17  Pylon x2  
  69  5:18  Probe  
  74  5:26  Phoenix (Chrono Boost)  
  76  5:28  Forge  
  76  5:46  Robotics Bay  
  76  5:49  Phoenix (Chrono Boost)  
  78  5:54  Warp Prism  
  80  6:01  Protoss Ground Weapons Level 1  
  80  6:10  Probe  
  80  6:11  Probe  
  82  6:17  Pylon x2  
  82  6:23  Probe x2  
  82  6:24  Twilight Council, Nexus  
  84  6:27  Pylon  
  84  6:28  Phoenix  
  86  6:35  Probe x2  
  86  6:37  Colossus (Chrono Boost)  
  88  6:46  Shield Battery  
  94  6:47  Probe x2  
  96  6:59  Probe x2, Charge  
  98  7:09  Pylon  
  98  7:10  Phoenix  
  98  7:11  Probe x2  
  102  7:19  Observer, Gateway  
  102  7:20  Gateway  
  102  7:21  Extended Thermal Lance  
  102  7:23  Probe x2  
  102  7:25  Gateway  
  102  7:29  Colossus (Chrono Boost)  
  104  7:36  Zealot x2  
  112  7:38  Zealot  
  114  7:56  Gateway  
  114  7:57  Gateway  
  114  7:59  Zealot x3  
  114  8:02  Probe  
  114  8:03  Probe x2  
  123  8:12  Colossus (Chrono Boost)  
  123  8:19  Zealot x3  
  135  8:25  Zealot x3  
  141  8:28  Pylon  
  141  8:29  Pylon  
  141  8:41  Zealot x3  
  141  8:46  Pylon  
  141  8:47  Pylon  
  147  8:50  Pylon  
  147  8:54  Zealot x3  
  153  9:10  Zealot x5  
  149  9:26  Zealot x3  

Tags
 
Add a new tag
Caveats
  • Supply blocks, unpowered buildings, or Contaminate may cause inaccurate times.
  • Supply counts are checked every 10 seconds.